[Event "Turniej 30-lecia Liceum im. Józefa Bema"]
[Site "Warsaw, Poland"]
[Date "????.??.??"]
[Round "4.1"]
[White "Owczarzak, Jerzy"]
[Black "Rylski, Tadeusz"]
[Result "1-0"]
[TimeControl "0:10:02"]
[WhiteElo "2264"]
[BlackElo "1358"]

1. b4 e5 2. Bb2 Bxb4 3.
Bxe5 Nf6 4. Nf3 Nc6 5.
Bb2 O-O 6. e3 d5 7. Be2 Bg4 8. h3 Bh5 9. O-O Re8 10.
d3 Qd6 11. a3 Ba5 12. Nbd2 Rad8 13. Rb1 Bb6 14. c4 Bxf3 15. Bxf3 d4 16. e4 Ne5 17. Be2 Ng6 18. g3 Ba5 19.
Kg2 Bxd2 20. Qxd2 Qe7 21. f4 c5 22. Bf3 b6 23. a4 Nd7 24. h4 Ngf8 25. a5 Rb8 26. Ba3 Ne6 27. Rb2 h6 28. h5 Kh7 29. Rfb1 g5 30.
hxg6+ fxg6 31. Rh1 Ng7 32. Rbb1 Nf6 33. f5 g5 34. Qxg5 Ng8 35. Qg6+ Kh8 36. axb6 axb6 37. Rxb6 Rxb6 38. Qxb6 Qg5 39. Bc1 Qe7 1-0

[Event "Turniej 30-lecia Liceum im. Józefa Bema"]
[Site "Warsaw, Poland"]
[Date "????.??.??"]
[Round "4.2"]
[White "Adamski, Jan"]
[Black "Babik, Tomasz"]
[Result "1/2-1/2"]
[TimeControl "0:10:02"]
[WhiteElo "2127"]
[BlackElo "2187"]

1. Nf3 c5 2. c4 Nf6 3.
d4 cxd4 4. Nxd4 Nc6 5. g3 e5 6. Nb5 Bb4+ 7.
Bd2 a6 8. N5c3 d5 9. cxd5 Nxd5 10. Bg2 Be6 11. O-O O-O 12. Nxd5 Bxd5 13. Bg5 Qxg5 14. Qxd5 Rfd8 15. Qb3 Qe7 16. e3 Rac8 17. a3 Ba5 18.
Rd1 Rxd1+ 19. Qxd1 Rd8 20. Qb3 Qe6 21. Qxe6 fxe6 22. Bf3 e4 23. Be2 Ne5 24. b4 Bc7 25.
Nc3 Nf3+ 26. Kf1 Be5 27. Rc1 Rc8 28. Na2 Rxc1+
29. Nxc1 Nxh2+ 30. Kg2 Nf3 31.
Nb3 Bd6 32. Bxf3 exf3+ 33. Kxf3
Kf7 34. Ke4 Ke7 35. f4 b6 36. Nd2 g6 37. Nc4 Bc7 38. a4 b5 39. axb5 axb5 40. Na3 Bd6 41. Nxb5 Bxb4 42. Nd4 Bc5 43.
Nf3 h6 44. Ne5 g5 45. fxg5 hxg5 46. g4 Bd6 47. Nf3 Kf6 48. Kd4 Bg3 1/2-1/2

[Event "Turniej 30-lecia Liceum im. Józefa Bema"]
[Site "Warsaw, Poland"]
[Date "????.??.??"]
[Round "4.3"]
[White "Dworakowski, Lukasz"]
[Black "Maciaga, Marcin"]
[Result "0-1"]
[TimeControl "0:10:02"]
[WhiteElo "2185"]
[BlackElo "2159"]

1. e4 c5 2. Nf3 d6 3. d4 cxd4 4.
Nxd4 Nf6 5. Nc3 Bd7 6. Bg5 e6 7. Be2 Nc6 8. O-O a6 9.
Kh1 h6 10. Bh4 g5 11. Bg3 h5 12. h3 Nxd4 13. Qxd4 e5 14. Qd3 Be6 15. Nd5 Bxd5 16. exd5 Be7 17. c4 Rc8 18. Qf5 Ng8 19. Bd3 Nh6 20. Qe4 Qd7 21.
Rae1 f5 22. Qe2 Nf7 23. Bb1 h4 24.
Bh2 Bf6 25. f4 e4 26. Bxe4 fxe4 27. Qxe4+ Kd8 28. fxg5 Nxg5 29. Qg6 Be7 30. Rxe7 Qxe7 31. Bxd6 Qe2 32. Qxg5+ Kd7 33. Rf7+ Kxd6 34.
Qf6+ Kc5 35. b4+ Kxc4 36. Qf4+ Kd3 37. Qf5+ Kd2 38. Qg5+ Kd1 39. d6 Rc1 40. d7 Kc2+ 41. Kh2 Rd1 42. Qg6+ Qd3 43. Rf2+ Kb1 0-1

[Event "Turniej 30-lecia Liceum im. Józefa Bema"]
[Site "Warsaw, Poland"]
[Date "????.??.??"]
[Round "4.4"]
[White "Bielinski, Leszek"]
[Black "Nurkiewicz, Maciej"]
[Result "0-1"]
[TimeControl "0:10:02"]
[WhiteElo "1854"]
[BlackElo "2301"]

1. e4 c5 2. g3 g6 3. Bg2 Bg7 4. Ne2 Nc6 5. O-O d6 6. c3 e5 7. d3 Nge7 8. Be3 O-O 9. Nd2 b6 10. Nb3 d5 11. Qd2 d4 12. cxd4 cxd4 13.
Bh6 a5 14. Bxg7 Kxg7 15. f4 f6 16. fxe5 fxe5 17. Rxf8 Qxf8 18. Rf1 Qd8 19. Qc2 Be6 20. Nec1 Rc8 21. Qb1 Nb4 22. Rf2 Qc7 23.
Bf3 a4 24. a3 axb3 25. Rf1 0-1

[Event "Turniej 30-lecia Liceum im. Józefa Bema"]
[Site "Warsaw, Poland"]
[Date "????.??.??"]
[Round "4.5"]
[White "Siekierski, Pawel"]
[Black "Praczukowski, Stanislaw"]
[Result "0-1"]
[TimeControl "0:10:02"]
[WhiteElo "1889"]
[BlackElo "2113"]

1. d4 Nf6 2. c4 e6 3. Nf3 b6 4. g3 Ba6 5. b3 Bb4+ 6. Bd2 Be7 7. Bg2 c6 8. O-O d5 9. Ne5 Nfd7 10. Nxd7 Nxd7 11. Re1 Rc8 12. cxd5 cxd5 13. e4 dxe4 14. Bxe4 Nf6 15. Bf4 Nxe4 16.
Rxe4 Bb7 17. Re1 Qd5 18. f3 O-O 19.
Re3 Bf6 20. Be5 Bxe5 21. Rxe5 Qxf3 22. Qxf3 Bxf3 23. Nd2 Bd5 24.
Kf2 Rc2 25. Re2 Rfc8 26. Rae1 Rxa2 27. Rb1 Rcc2 28. Ke3 f5 29. Rf2 g5 30. Kd3 Be4+ 0-1

[Event "Turniej 30-lecia Liceum im. Józefa Bema"]
[Site "Warsaw, Poland"]
[Date "????.??.??"]
[Round "4.6"]
[White "Kedzierski, Slawomir"]
[Black "Basiaga, Sebastian"]
[Result "1-0"]
[TimeControl "0:10:02"]
[WhiteElo "2061"]
[BlackElo "1771"]

1. d4 d5 2. Nf3 Nf6 3. c4
c6 4. Nc3 e6 5. Bg5 Nbd7 6. e3 Be7 7. Rc1 O-O 8. Qc2 a6 9. Bd3 h6 10. Bh4 dxc4 11. Bxc4 b5 12. Be2 c5 13. O-O cxd4 14. Nxd4 Bb7 15. Rfd1 Rc8 16. Qb1 Qb6 17. Bf3 Ne5 18. Bxb7 Qxb7 19. Bxf6 Bxf6 20. Ne4 Be7 21. Nd2 Rxc1 22. Rxc1 Rc8 23. Rxc8+ Qxc8 24. h3 Qc7 25. f4 Nd7 26. Qc2 Qb7 27. Ne4 Nf6 28. Nc6 Nxe4 29. Qxe4 Bf6 30. b3 Qd7 31. Nb4 Qd2 32. Kh2 a5 33. Nc2 a4 34. bxa4 bxa4 35. Qxa4 h5 36. Qa8+ Kh7 37. Qe4+ g6 38. a4 h4 39. Nd4 Qf2 40. Nf3 Qa2 41. Ng5+ Kg7 42. Nf3 Ba1 43. Nxh4 Bf6 44. Nf3 1-0

[Event "Turniej 30-lecia Liceum im. Józefa Bema"]
[Site "Warsaw, Poland"]
[Date "????.??.??"]
[Round "4.7"]
[White "Szymczak, Rafal"]
[Black "Pichurko, Jakub"]
[Result "1-0"]
[TimeControl "0:10:02"]
[WhiteElo "2021"]
[BlackElo "1677"]

1. f4 Nf6 2. Nf3 g6 3. b3 Bg7 4. Bb2 O-O 5. e3 c5 6. c4 Nc6 7. Be2 d6 8. O-O a6 9. Nc3 Rb8 10. d3 b5 11. Qd2 e6 12.
Rad1 d5 13. cxd5 exd5 14. Rc1 d4 15. Nd1 dxe3 16. Nxe3 Qb6 17. Kh1 Rd8 18. Qc3 Nd4 19. Rfe1 Bf8 20. Ne5 Bb7 21. Qd2 Nd5 22.
Nxd5 Bxd5 23. Bxd4 cxd4 24. Bf3 a5 25. Nc6 Bxc6 26. Rxc6 Qa7 27. Rec1 Bb4 28. Qf2 Qd7 29. Rc7 Qe6 30. R1c6 Qe3 31. Qxe3 dxe3 32. Be2 Bd2 33. g4 Rd4 34. f5 Rf4 35. f6 Rf2 36. Rc8+ 1-0

[Event "Turniej 30-lecia Liceum im. Józefa Bema"]
[Site "Warsaw, Poland"]
[Date "????.??.??"]
[Round "4.8"]
[White "Szewczak, Anna"]
[Black "Janeczko, Jakub"]
[Result "1/2-1/2"]
[TimeControl "0:10:02"]
[WhiteElo "2005"]
[BlackElo "1661"]

1. e4 c5 2. Nf3 Nc6 3. d4 cxd4 4.
Nxd4 g6 5. Be3 Bg7 6. Nc3 Nf6 7. Bc4 O-O 8. O-O e6 9.
Bb3 a6 10. a4 d5 11. exd5 exd5 12. Qd2 Na5 13. Rad1 Nxb3 14. Nxb3 Bf5 15. Nd4 Bd7 16. Bg5 Qa5 17. Nf3 Bc6 18. b3 Rad8 19. Ne2 Qxd2 20. Rxd2 Ne4 21.
Rd3 Nxg5 22. Nxg5 b5 23.
Nd4 Bxd4 24. Rxd4 bxa4 25. bxa4 Rb8 26. h3 Rb2 27. c3 Ra2 28. Rfd1 Rd8 29. c4 Rxa4 30. cxd5 Rxd4 31. Rxd4 Rxd5 32. Rc4 Rd1+ 33. Kh2 Bd5 34. Ra4 Bb7 35. Nf3 Bxf3 36.
gxf3 Rd6 37. Kg3 Kg7 38. h4 h5 39.
Ra5 Kf6 40. Kf4 Rb6 41. Kg3 Ke6 42. Kf4 f6 43. Ke4 Kd6 44. f4 Kc6 45. f5 Rb4+ 46. Kf3 Kb6 47. Rd5 Kc6 48. Ra5 Kb6 49. Rd5 Kc6 50. Ra5 Kb6 1/2-1/2

[Event "Turniej 30-lecia Liceum im. Józefa Bema"]
[Site "Warsaw, Poland"]
[Date "????.??.??"]
[Round "4.9"]
[White "Gronkowski, Dariusz"]
[Black "Krasiewicz, Robert"]
[Result "0-1"]
[TimeControl "0:10:02"]
[WhiteElo "1645"]
[BlackElo "1948"]

1. c4 c5 2. Nc3 Nf6 3. g3 g6 4. Bg2 Bg7 5. e4 Nc6 6. Nf3 O-O 7. O-O d6 8. h3 Ne8 9. Re1 Nc7 10.
b3 Ne6 11. Bb2 Ned4 12. Kh2 a6 13. Rb1 b5 14. d3 b4 15. Nd5 e6 16. Ne3 a5 17. Nc2 Nxf3+ 18. Bxf3 a4 19. Bxg7 Kxg7 20.
bxa4 Rxa4 21. Rb2 Qa5 22. Qa1 Ne5 23. Be2 Kg8 24. f4 Nc6 25. Rf1 Bd7 26. f5 exf5 27. exf5 Bxf5 28. Rxf5 gxf5 29.
Qc1 Ne5 30. Qg5+ Ng6 31. Ne3 Rxa2 32. Nxf5 f6 33. Nh6+ Kh8 34. Qd2 Rxb2 35. Qxb2 Qa3 36. Qd2 b3 37. Nf5 Qa2 38. Qe3 b2 39.
Qh6 Qa7 40. Bh5 b1=Q 41. h4 Qaa2+ 42. Kh3 Qh1+ 43. Kg4 Qe2# 0-1

[Event "Turniej 30-lecia Liceum im. Józefa Bema"]
[Site "Warsaw, Poland"]
[Date "????.??.??"]
[Round "4.10"]
[White "Grzenkowicz, Lukasz"]
[Black "Niedbal, Piotr"]
[Result "0-1"]
[TimeControl "0:10:02"]
[WhiteElo "1546"]
[BlackElo "1856"]

1. d4 Nf6 2. c4 g6 3. Nc3 Bg7 4. e4 O-O 5. Nf3 d6 6. Bd3 e5 7. d5 Nbd7 8. Be3 a5 9. O-O b6 10. a3 Nc5 11. Bxc5 bxc5 12. a4 Nh5 13.
Ne2 f5 14. exf5 gxf5 15. Bc2 e4 16. Ne1 Bxb2 17. Ra2 Bg7 18. Ng3 Nf4 19. Ne2 Ng6 20. f3 Ba6 21. Bb3 Ne5 22. fxe4 fxe4 23.
Rxf8+ Qxf8 24. Qc2 e3 25. Ng3 Rb8 26. Nd3 Rxb3 27. Nxe5 Qf2+ 28. Qxf2 exf2+ 29. Kxf2 Bxe5 0-1

[Event "Turniej 30-lecia Liceum im. Józefa Bema"]
[Site "Warsaw, Poland"]
[Date "????.??.??"]
[Round "5.1"]
[White "Maciaga, Marcin"]
[Black "Owczarzak, Jerzy"]
[Result "0-1"]
[TimeControl "0:10:02"]
[WhiteElo "2159"]
[BlackElo "2264"]

1. g3 d5 2. c4 Nf6 3. cxd5 Nxd5 4. Bg2 g6 5. Qa4+ c6 6. Qd4 f6 7. Nf3 Bg7 8. h4 e5 9. Qa4 Nb6 10.
Qc2 Bf5 11. e4 Be6 12. h5 Na6 13. a3 Qd6 14. b4 Rd8 15. Nc3 Bc4 16. hxg6 hxg6 17. Rxh8+ Bxh8 18. Nh4 Kf7 19. Bb2 Bg7 20.
Ne2 Bh6 21. d4 exd4 22. e5 fxe5 23. Be4 d3 24. Qc3 dxe2 25. f4 Qd1+ 26. Kf2 Qf1+ 27. Ke3 Bxf4+ 28. gxf4 exf4# 0-1

[Event "Turniej 30-lecia Liceum im. Józefa Bema"]
[Site "Warsaw, Poland"]
[Date "????.??.??"]
[Round "5.2"]
[White "Babik, Tomasz"]
[Black "Nurkiewicz, Maciej"]
[Result "1/2-1/2"]
[TimeControl "0:10:02"]
[WhiteElo "2187"]
[BlackElo "2301"]

1. c4 e5 2. Nc3 Nc6 3. g3 g6 4. Bg2 Bg7 5. d3 f5 6. e4 Nf6 7. Nge2 O-O 8. O-O d6 9. h3 Be6 10. Nd5 Qd7 11. Kh2 Rae8 12. Be3 Nd8 13. Qd2 c5 14.
Rae1 Nc6 15. exf5 Bxf5 16. Nec3 Nd4 17. Nxf6+ Bxf6 18. Bxd4 cxd4 19. Ne4 b6 20. f4 Bxe4 21. Bxe4 exf4 22.
Rxf4 Be5 23. Rxf8+ Rxf8 24. Qg2 Qe7 25. Rf1 Bxg3+ 26. Kxg3 Qe5+ 27. Kh4 Qh5+ 28. Kg3 Qe5+ 29. Kh4 Qh5+ 1/2-1/2

[Event "Turniej 30-lecia Liceum im. Józefa Bema"]
[Site "Warsaw, Poland"]
[Date "????.??.??"]
[Round "5.3"]
[White "Praczukowski, Stanislaw"]
[Black "Adamski, Jan"]
[Result "0-1"]
[TimeControl "0:10:02"]
[WhiteElo "2113"]
[BlackElo "2127"]

1. d4 Nf6 2. c4 e6 3. Nf3 Bb4+ 4. Nbd2 O-O 5. g3 b6 6. Bg2 Bb7 7. O-O Bxd2 8. Bxd2 d6 9. Bc3 Nbd7 10. b3 Qe7 11. Rc1 a6 12. Bb2 Be4 13. Qd2 Rfd8 14.
Rfd1 Rac8 15. Qf4 h6 16. h3 Ba8 17. Qh4 Kf8 18. Qf4 Nh5 19. Qd2 Nhf6 20. Qf4 Nh5 21. Qd2 Nhf6 22. Qc2 Be4 23.
Qc3 c6 24. Ba3 c5 25. Bb2 cxd4 26. Qxd4 Nc5 27. Ba3 Bb7 28. Qf4 a5 29. Qh4 e5 30. g4 Nfe4 31. Qxe7+ Kxe7 32. Nd2 Nxd2 33. Bxb7 Ndxb3 34. Bxc5 Nxc1 35.
Bxb6 Nxe2+ 36. Kf1 Nc3 37.
Rd3 Na4 38. Bxd8+ Rxd8 39. Rb3 Nc5 40. Rb5 Rb8 41. Bd5 Rxb5 42. cxb5 Na4 43. Bc6 Nb6 44. Ke2 d5 45. h4 f6 46. Kf3 Kd6 47. g5 hxg5 48. hxg5 Nc8 49. g6 Na7 50.
Bb7 Nxb5 51. Kg4 Nc3 52.
a3 Nb5 53. a4 Nc3 54. Kf5 Nxa4 55. f4 exf4 56. Kxf4 Nc5 57. Bc8 a4 58. Ke3 a3 59. Ba6 0-1

[Event "Turniej 30-lecia Liceum im. Józefa Bema"]
[Site "Warsaw, Poland"]
[Date "????.??.??"]
[Round "5.4"]
[White "Krasiewicz, Robert"]
[Black "Kedzierski, Slawomir"]
[Result "0-1"]
[TimeControl "0:10:02"]
[WhiteElo "1948"]
[BlackElo "2061"]

1. c4 Nf6 2. g3 e6 3. Bg2 d5 4. Nf3 Be7 5. O-O O-O 6. b3 c5 7. e3 Nc6 8.
d3 b6 9.
Na3 Bb7 10. Bb2 Qd7 11. Qe2 Rfd8 12. Rfd1 Rac8 13. Nc2 h6 14. Rd2 a5 15. Na3 Nb4 16. Ne5 Qc7 17. Nb5 Qb8 18. cxd5 Bxd5 19.
Bxd5 Rxd5 20. a3 Nc6 21. Nc4 Na7 22. e4 Nxb5 23. exd5 Nxd5 24. a4 Na7 25. d4 Nc6 26. Ne5 Nxd4 27.
Bxd4 cxd4 28. Rxd4 Bf6 29. Nd7 Bxd4 30. Nxb8 Bxa1 31. Nd7 Rc7 32. Ne5 Bd4 33. Nc4 Bc5 34. Qe5 Rc8 35. Kg2 g6 36.
h4 h5 37. Qe4 Bf8 38. g4 hxg4 39.
Qxg4 Bg7 40. Qf3 Rd8 41. h5 gxh5 42. Qxh5 Nf4+ 43. Kf3 Nxh5 44. Nxb6 Rd3+ 45. Kg4 Nf6+ 0-1

[Event "Turniej 30-lecia Liceum im. Józefa Bema"]
[Site "Warsaw, Poland"]
[Date "????.??.??"]
[Round "5.5"]
[White "Rylski, Tadeusz"]
[Black "Szymczak, Rafal"]
[Result "0-1"]
[TimeControl "0:10:02"]
[WhiteElo "1358"]
[BlackElo "2021"]

1. d4 Nf6 2. c4 c5 3. Nf3 cxd4 4. Nxd4 Nc6 5. Nc3 d6 6. g3 Bd7 7. Bg2 g6 8.
O-O Bg7 9. Be3 O-O 10. Qb3 Nxd4 11.
Bxd4 Bc6 12. Rad1 Bxg2 13. Kxg2 b6 14.
e4 Qd7 15. e5 dxe5 16. Bxe5 Qc6+ 17. Kg1 e6 18. Nb5 a6 19. Nd4 Qc5 20. Nf3 Rfd8 21. Bd4 Qh5 22. Bxb6 Rxd1 23. Rxd1 Rb8 24.
Rd8+ Rxd8 25. Bxd8 Ne8 26. Kg2 Qc5 27. Qa4 Nd6 28. Qxa6 Nxc4 29.
Qa8 Bf8 30. b3 Nb2 31. Bf6 Nd3 32. Bd4 Qc2 33. Qa4 h5 34. Qc4 Qd1 35. Ng5 Be7 36. h4 Bxg5 37. hxg5 Ne1+ 38. Kh3 Qg4+ 39. Kh2 Nf3+ 40. Kg2 Nxd4 41. Qc8+ Kg7 42. Qc3 Qf3+ 43. Kf1 Qd5 44. f4 e5 45. fxe5 Qxe5 46. Kg2 Qe4+ 47. Kh2 Qg4 48. a4 Kh7 49. Qc7 Qe2+ 50. Kh3 Qe6+ 51. Kg2 Qxb3 52. a5 Kg7 53. a6 Qa2+ 54. Kh3 Qxa6 55. Qe5+ Kh7 56. Qxd4 Qe6+ 57. Kg2 Qf5 58. Qe3 Kg7 59. Kh2 Qg4 60.
Kg2 h4 61. Kh2 Qxg3+ 62. Qxg3 hxg3+ 63. Kxg3 Kf8 64. Kf4 Ke7 65. Ke5 Ke8 66. Kd6 Kd8 67. Kd5 Kd7 68. Ke5 Ke7 69. Kd5 f5 70. gxf6+ Kxf6 0-1

[Event "Turniej 30-lecia Liceum im. Józefa Bema"]
[Site "Warsaw, Poland"]
[Date "????.??.??"]
[Round "5.6"]
[White "Niedbal, Piotr"]
[Black "Szewczak, Anna"]
[Result "1-0"]
[TimeControl "0:10:02"]
[WhiteElo "1856"]
[BlackElo "2005"]

1. e4 c5 2. Nf3 Nc6 3. d4 cxd4 4. Nxd4 Nf6 5. Nc3 e6 6. Be2 Bb4 7. Nxc6 bxc6 8. Qd4 Qa5 9. Bd2 O-O 10. O-O Bc5 11. Qd3 Qc7 12. Kh1 d5 13. f4 a5 14. Qf3 Ba6 15. Bxa6 Rxa6 16. f5 Bd6 17. h3 dxe4 18. Nxe4 Nxe4 19. Qxe4 exf5 20. Rxf5 c5 21. Bc3 Bg3 22. Qg4 Rg6 23. Rg5 Bf4 24. Rxg6 fxg6 25. Rf1 1-0

[Event "Turniej 30-lecia Liceum im. Józefa Bema"]
[Site "Warsaw, Poland"]
[Date "????.??.??"]
[Round "5.7"]
[White "Janeczko, Jakub"]
[Black "Siekierski, Pawel"]
[Result "1-0"]
[TimeControl "0:10:02"]
[WhiteElo "1661"]
[BlackElo "1889"]

1. e4 c5 2. Nf3 d6 3. d4 cxd4 4. Nxd4 Nf6 5. Nc3 a6 6. Bg5 e6 7. f4 Bd7 8. Qf3 Nc6 9. Nb3 Be7 10. O-O-O Qc7 11. Kb1 h6 12. Bh4 b5 13. Bg3 b4 14. Ne2 Rc8 15. Rd2 d5 16. exd5 Nxd5 17.
f5 Qb6 18. fxe6 Bxe6 19. Rxd5 Bxd5 20. Qxd5 Rd8 21. Qf3 O-O 22. Bf2 Qc7 23. Ned4 Ne5 24. Qe4 Bf6 25. Bg3 Rfe8 26. Bd3 Nxd3 27. Qxe8+ Rxe8 28. Bxc7 Ne1 29. Rg1 Nxg2 30. Nf5 Bg5 31. a3 bxa3 32. bxa3 Re2 33. Nbd4 Rd2 34. Ba5 Rf2 35.
Be1 Nxe1 36. Rxe1 Rxh2 37. c4 Bf6 38. c5 Rd2 39. c6 Bxd4 40. c7 Rb2+ 41. Kc1 Rf2 42. Nxd4 1-0

[Event "Turniej 30-lecia Liceum im. Józefa Bema"]
[Site "Warsaw, Poland"]
[Date "????.??.??"]
[Round "5.8"]
[White "Kazmierowski, Tymon"]
[Black "Dworakowski, Lukasz"]
[Result "0-1"]
[TimeControl "0:10:02"]
[WhiteElo "1575"]
[BlackElo "2185"]

1. d4 Nf6 2. c4 g6 3. Nc3 Bg7 4. e4 d6 5. Nf3 O-O 6. Be2 Nbd7 7. O-O e5 8. Be3 Ng4 9. Bg5 f6 10. Bh4 c6 11. h3 Nh6 12. c5 g5 13. Bg3 dxc5 14.
d5 Nb6 15. Qb3 cxd5 16. exd5 Nf7 17. Ne4 Qxd5 18. Qxd5 Nxd5 19. Nxc5 b6 20. Ne4 Bb7 21. Bc4 Rfd8 22. Rfd1 h6 23.
Bh2 f5 24. Ng3 Ne7 25. Nh5 Bxf3 26. gxf3 f4 27. Nxg7 Kxg7 28. Re1 Ng6 29. Rad1 Rxd1 30. Rxd1 Rd8 31. Rc1 Rd2 32. Bb3 Rd7 33. Rc6 Nh4 34. Rc8 Nxf3+ 35. Kg2 Nh4+ 36. Kg1 e4 37. Kf1 Nf5 38. Be6 Rd1+ 39.
Ke2 Rh1 40. Bxf4 gxf4 41. Bxf5 Nd6 42. Rc7+ Kf6 43. Bg4 Rb1 44. Rc2 Nb5 45. Rd2 Ke5 46. a4 Nd4+ 47. Rxd4 Kxd4 0-1

[Event "Turniej 30-lecia Liceum im. Józefa Bema"]
[Site "Warsaw, Poland"]
[Date "????.??.??"]
[Round "5.10"]
[White "Basiaga, Sebastian"]
[Black "Klim, Filip"]
[Result "1/2-1/2"]
[TimeControl "0:10:02"]
[WhiteElo "1771"]
[BlackElo "1577"]

1. e4 e5 2. Nf3 Nc6 3. Bb5 a6 4. Ba4 Nf6 5. d3 b5 6. Bb3 Bc5 7. c3 d6 8. O-O h6 9. Re1 Bb6 10. h3 O-O 11. Nbd2 Ne7 12. Nh4 Kh7 13. Nf1 Ng6 14.
Nf5 Bxf5 15. exf5 Ne7 16. Ng3 Qd7 17. d4 exd4 18. cxd4 Ned5 19. Qf3 c6 20. Be3 Rfe8 21. Rac1 Rac8 22.
Nh5 Rc7 23. Bxd5 Nxd5 24. Qg4 g6 25. fxg6+ fxg6 26. Qxd7+ Rxd7 27. Ng3 Rc7 28. a3 Ree7 29. b4 Kg7 30. Nf1 a5 31. Rb1 axb4 32. axb4 Ra7 33. Rec1 Rec7 34. Nd2 Ra2 35. Ne4 Nxe3 36. fxe3 d5 37. Nc3 Raa7 38. Ra1 Kf6 39. Kf2 Ke6 40. Ke2 Rxa1 41. Rxa1 Ra7 42. Rxa7 Bxa7 43. Nd1 Kf5 44. Kf3 Bb8 45. Nb2 Bd6 46. Nd3 g5 47. g4+ Ke6 48. e4 dxe4+ 49. Kxe4 Be7 50. Nc5+ Kf6 51. d5 cxd5+ 52. Kxd5 Bf8 53. Kc6 Ke5 54. Kxb5 Kd4 55. Kc6 Ke3 56. b5 Be7 57. b6 Bf6 58. Nd7 Bd4 59. b7 Ba7 60. Kd5 Kf3 61. Ke6 Kg3 62.
Kf5 Kxh3 63. b8=Q Bxb8 64. Nxb8 Kh4 65. Nd7 h5 66. Ne5 hxg4 1/2-1/2

[Event "Turniej 30-lecia Liceum im. Józefa Bema"]
[Site "Warsaw, Poland"]
[Date "????.??.??"]
[Round "6.1"]
[White "Owczarzak, Jerzy"]
[Black "Adamski, Jan"]
[Result "1/2-1/2"]
[TimeControl "0:10:02"]
[WhiteElo "2264"]
[BlackElo "2127"]

1. b4 e5 2. Bb2 Bxb4 3.
Bxe5 Nf6 4. Nf3 O-O 5. e3 d5 6. Be2 Re8 7. O-O c5 8. d3 Nc6 9. Bb2 Ba5 10. Nbd2 Bc7 11.
c4 dxc4 1/2-1/2

[Event "Turniej 30-lecia Liceum im. Józefa Bema"]
[Site "Warsaw, Poland"]
[Date "????.??.??"]
[Round "6.2"]
[White "Kedzierski, Slawomir"]
[Black "Babik, Tomasz"]
[Result "1/2-1/2"]
[TimeControl "0:10:02"]
[WhiteElo "2061"]
[BlackElo "2187"]

1. d4 Nf6 2. Nf3 d5 3. c4 e6 4. Nc3 Be7 5. Bg5 O-O 6. e3 h6 7. Bh4 b6 8. cxd5 Nxd5 9. Bxe7 Qxe7 10. Be2 Nxc3 11. bxc3 c5 12. O-O Bb7 13. Qa4 Rc8 14. Rfc1 Nc6 15. Qa3 Na5 16.
Ne5 Nc6 17. Nd3 cxd4 18. Qxe7 Nxe7 19. cxd4 Rxc1+ 20. Rxc1 Rc8 21. Rxc8+ Nxc8 22. Ne5 Kf8 23. f3 Nd6 24. Kf2 Bd5 25. a3 f6 26. Ng6+ Kf7 27. Nf4 Bc4 28.
Bd1 b5 29. e4 e5 30. dxe5 fxe5 31. Nh5 a5 32. g4 Be6 33. Ke1 a4 34. Kd2 Nc4+ 35. Kc3 Nxa3 36. Kb4 Nb1 37. Bc2 Nd2 38. Bd1 Bb3 39. Be2 Bc4 40.
Bd1 Be6 41. Be2 Nc4 42. Ng3 a3 43. Bxc4 Bxc4 44. Kxa3 g6 45.
Kb4 Ke6 46. Kc5 Kf6 47. h4 Ke6 48. Nh1 Be2 49. Nf2 Bxf3 50. Kxb5 Kd6 51. Kb6 g5 52. hxg5 hxg5 53. Kb5 Be2+ 1/2-1/2

[Event "Turniej 30-lecia Liceum im. Józefa Bema"]
[Site "Warsaw, Poland"]
[Date "????.??.??"]
[Round "6.3"]
[White "Szymczak, Rafal"]
[Black "Maciaga, Marcin"]
[Result "0-1"]
[TimeControl "0:10:02"]
[WhiteElo "2021"]
[BlackElo "2159"]

1. e4 c5 2. f4 g6 3. Nf3 Bg7 4. d3 Nc6 5. g3 e6 6. Bg2 Nge7 7. O-O d5 8. c3 O-O 9. Be3 b6 10.
Bf2 Ba6 11. Re1 dxe4 12. dxe4 Qc7 13. e5 Rfd8 14. Qa4 Bd3 15. Nbd2 a5 16. c4 Nb4 17. Rac1 Bf5 18. Nh4 Rab8 19.
Nxf5 Nxf5 20. Red1 Nd3 21. Rb1 Nd4 22. Bxd4 cxd4 23. Ne4 Nc5 24. Nxc5 bxc5 25. b3 Bf8 26. Rd3 Rb4 27. Qc6 Qa7 28.
a4 Rdb8 0-1

[Event "Turniej 30-lecia Liceum im. Józefa Bema"]
[Site "Warsaw, Poland"]
[Date "????.??.??"]
[Round "6.4"]
[White "Nurkiewicz, Maciej"]
[Black "Janeczko, Jakub"]
[Result "1-0"]
[TimeControl "0:10:02"]
[WhiteElo "2301"]
[BlackElo "1661"]

1. d4 c5 2. d5 g6 3. e4 d6 4. Nf3 Bg7 5. Bb5+ Bd7 6. a4 Nf6 7. Nc3 O-O 8.
O-O Na6 9. Re1 Nc7 10. h3 a6 11. Bxd7 Qxd7 12. a5 Nb5 13. Na4 Rad8 14. c3 Qc7 15. Nb6 Nd7 16. Nc4 b6 17. axb6 Nxb6 18.
Qb3 Nxc4 19. Qxc4 Qb7 20. Bg5 h6 21. Be3 Nc7 22. Ra2 Rb8 23. Rea1 Qb5 24. Nd2 Rb7 25. Qf1 Rfb8 26. Nc4 Qd7 27.
Qe2 e6 28. dxe6 Qxe6 29. Bf4 Rd8 30. Qd3 Bf8 31. Rd1 Be7 32. Na5 Rb6 33. Nc4 Rb7 34. Ra5 d5 35. Ne3 dxe4 36. Qc2 Rxd1+ 37. Qxd1 Nb5 38. Qa4 Bd6 39. Rxa6 Nxc3 40. bxc3 Rb1+ 41. Nf1 e3 42. fxe3 Qf5 43. Rxd6 1-0

[Event "Turniej 30-lecia Liceum im. Józefa Bema"]
[Site "Warsaw, Poland"]
[Date "????.??.??"]
[Round "6.5"]
[White "Bielinski, Leszek"]
[Black "Niedbal, Piotr"]
[Result "1-0"]
[TimeControl "0:10:02"]
[WhiteElo "1854"]
[BlackElo "1856"]

1. e4 c5 2. g3 e5 3. Nc3 d6 4.
Bg2 Ne7 5. d3 g6 6. f4 f5 7. fxe5 dxe5 8. Nf3 Bg7 9. O-O O-O 10. Be3 Qc7 11. Qe1 Nd7 12. a4 a6 13. Ng5 Nf6 14.
a5 h6 15. Nf3 f4 16. Bf2 Ng4 17. Na4 Nxf2 18. Qxf2 fxg3 19. hxg3 c4 20. Nb6 Rb8 21. Nxc4 Be6 22. Qb6 Qxb6+ 23. Nxb6 Nc6 24. c4 Rbd8 25. Nd5 Bxd5 26. cxd5 Nb4 27. Ne1 h5 28. Ra4 Rxf1+ 29. Bxf1 Nxd5 30. exd5 Rxd5 31. Bg2 Rd7 32.
Rb4 Bf8 33. Rxb7 Rd4 34. Be4 g5 35. Nf3 Ra4 36. Nxg5 Rxa5 37. Bh7+ Kh8 38. Be4 Ra4 39. Bd5 Bg7 40. Rb8+ Bf8 41.
Rxf8+ Kg7 42. Rb8 Rg4 43. Ne4 Kh6 44.
Rh8+ Kg7 45. Rg8+ Kh6 46. Rxg4 hxg4 47. b4 1-0

[Event "Turniej 30-lecia Liceum im. Józefa Bema"]
[Site "Warsaw, Poland"]
[Date "????.??.??"]
[Round "6.6"]
[White "Dworakowski, Lukasz"]
[Black "Krasiewicz, Robert"]
[Result "1/2-1/2"]
[TimeControl "0:10:02"]
[WhiteElo "2185"]
[BlackElo "1948"]

1. e4 g6 2. d4 Bg7 3. Nf3 d6 4. Bc4 a6 5. O-O b5 6. Bb3 e6 7. Qe2 Bb7 8. Bg5 Ne7 9. Nbd2 h6 10. Be3 Nd7 11. a4 c6 12. c4 b4 13. c5 dxc5 14. dxc5 O-O 15. Nc4 a5 16. Rfd1 Ba6 17. Rd6 Qc7 18. Rad1 Bxc4 19. Bxc4 Nf6 20. Qd3 Nc8 21. Rd8 Kh7 22. Rxf8 Bxf8 23. Bd4 Nd7 24. Be3 Nxc5 25. Bxc5 Bxc5 26. Qd7 Qxd7 27. Rxd7 Ra7 28. Bxe6 Kg7 29. e5 Ne7 30. Rxa7 Bxa7 31. Bc4 Nf5 32. e6 f6 33. Kf1 Kf8 34. g4 Nd4 35. Nxd4 Bxd4 36. b3 Ke7 37. Ke2 Kd6 38. f3 g5 39. Kd3 Bc5 40. Ke4 Ke7 41. Kf5 Bd6 42. Kg6 Bxh2 43. Kxh6 Bf4 1/2-1/2

[Event "Turniej 30-lecia Liceum im. Józefa Bema"]
[Site "Warsaw, Poland"]
[Date "????.??.??"]
[Round "6.7"]
[White "Pichurko, Jakub"]
[Black "Praczukowski, Stanislaw"]
[Result "0-1"]
[TimeControl "0:10:02"]
[WhiteElo "1677"]
[BlackElo "2113"]

1. d4 Nf6 2. Nf3 d5 3. Bf4 c5 4. e3 Nc6 5. c3 Qb6 6. Qb3 c4 7. Qxb6 axb6 8. Nbd2 b5 9. b3 Bf5 10. b4 e6 11.
Be2 Be7 12. O-O h6 13. h3 O-O 14. Bd1 Ra3 15. Nb1 Bxb1 16. Rxb1 Rfa8 17. Rc1 Ne4 18. Ne5 Nxe5 19. Bxe5 Nxc3 20.
Bf3 Bxb4 21. Rc2 Rxa2 22. Rxa2 Rxa2 23. Rc1 Rb2 24. Ra1 Rb1+ 25. Rxb1 Nxb1 26. e4 Nd2 27. exd5 Nxf3+ 28. gxf3 exd5 29. Kf1 Bc3 30. Bd6 Bxd4 0-1

[Event "Turniej 30-lecia Liceum im. Józefa Bema"]
[Site "Warsaw, Poland"]
[Date "????.??.??"]
[Round "6.8"]
[White "Gronkowski, Dariusz"]
[Black "Rylski, Tadeusz"]
[Result "1-0"]
[TimeControl "0:10:02"]
[WhiteElo "1645"]
[BlackElo "1358"]

1. c4 Nf6 2. Nc3 e6 3. e4 d6 4. d4 Be7 5. Nf3 O-O 6. Bd3 b6 7. O-O Bb7 8. Re1 c5 9. d5 e5 10.
Ng5 h6 11. Nh3 Nh7 12. f4 Nd7 13. f5 Bg5 14. Be3 Bxe3+ 15. Rxe3 Ng5 16. Nf2 Kh7 17. h4 g6 18. hxg5 Qxg5 19.
Rh3 Nf6 20. Qe2 Rg8 21. Qf3 gxf5 22. Qxf5+ Rg6 23. Qxg5 Rxg5 24. Rf3 Rg6 25. Kf1 Rag8 26. Ke2 Bc8 27. Ncd1 R8g7 28. Ne3 Nh5 29.
Nf5 Bxf5 30. exf5 Rf6 31. g4 Nf4+ 32. Kd2 h5 33. Rh1 Kh6 34. Rxf4 1-0